 Dungeon Crawl Stone Soup version 0.30-a0-857-gcaf70739d4 (webtiles) character file.

Game seed: 2365203127528754730

1002 jimonade the Magician (level 8, -4/58 HPs)
             Began as a Djinni Warper on Mar 5, 2023.
             Slain by Pikel
             ... wielding a +1 whip of flaming
              (12 damage)
             ... on level 4 of the Dungeon.
             The game lasted 00:20:30 (6081 turns).

jimonade the Magician (Djinni Warper)               Turns: 6081, Time: 00:20:30

Health: -4/58      AC:  3    Str: 12    XL:     8   Next: 43%
Gold:   338        EV: 17    Int: 14    God:
                   SH:  0    Dex: 14

rFire   + . .      SeeInvis .    a - +0 short sword
rCold   . . .      Faith    .    (no shield)
rNeg    . . .      Spirit   .    b - +0 leather armour
rPois   ∞          Reflect  .    (no helmet)
rElec   .          Rampage  .    (no cloak)
rCorr   .                        (no gloves)
Will    .....                    (boots unavailable)
Stlth   +                        (no amulet)
HPRegen 0.29/turn                C - ring of ice
MPRegen 0.00/turn                k - +5 ring of evasion

@: freezing walls, flying
A: sickness immunity, fire resistance 2, cold vulnerability 1, float, innate
caster, HP casting, extra vitality 1
a: no special abilities


You were on level 4 of the Dungeon.
You visited 1 branch of the dungeon, and saw 5 of its levels.

You collected 338 gold pieces.

Inventory:

Hand Weapons
 a - a +0 short sword (weapon)
 t - a +0 mace
 v - a +0 whip
Missiles
 d - 6 boomerangs of dispersal
 e - 5 boomerangs
 f - 4 poisoned darts (quivered)
 p - 8 javelins
 r - 3 curare-tipped darts
Armour
 b - a +0 leather armour (worn)
 m - a +0 plate armour
 n - a +1 ring mail
 A - a +0 chain mail
Jewellery
 i - a ring of see invisible
 k - a +5 ring of evasion (right hand)
 w - a ring of fire
 y - a ring of positive energy
 C - a ring of ice (left hand)
Scrolls
 c - 2 scrolls of blinking
 h - 3 scrolls of fog {unknown}
 j - 3 scrolls of identify
 o - 2 scrolls of poison
Potions
 g - a potion of heal wounds
 q - 2 potions of brilliance
 s - a potion of haste
 x - a potion of lignification
 z - a potion of mutation
 B - a potion of might


   Skills:
 + Level 3.8 Fighting
 - Level 4.3 Short Blades
 + Level 2.5 Throwing
 - Level 2.9 Armour
 + Level 3.7 Dodging
 + Level 0.8 Stealth
 * Level 4.6 Spellcasting


You knew the following spells:

 Your Spells              Type           Power      Damage    Failure   Level
a - Blink                 Tloc           32%        N/A       5%          2
b - Lesser Beckoning      Tloc           32%        N/A       5%          2
c - Vhi's Electric Charg  Tloc/Air       32%        N/A       11%         3
d - Teleport Other        Tloc           16%        N/A       11%         3
e - Manifold Assault      Tloc           16%        N/A       34%         4
f - Apportation           Tloc           32%        N/A       3%          1
g - Call Imp              Summ           16%        N/A       5%          2
h - Frozen Ramparts       Ice            48%        1d8       11%         3
Your spell library was empty.

Dungeon Overview and Level Annotations

Branches:
Dungeon (5/15)
 Temple: D:4-7

Altars:
Ashenzari
Hepliaklqana

Annotations:
D:4 Pikel


Innate Abilities, Weirdness & Mutations

You are immune to sickness and miasma.
You are immune to poison.
Your flesh is very heat resistant. (rF++)
You are vulnerable to cold. (rC-)
You float through the air rather than walking.
You learn spells naturally, not from books.
Your magical power is your life essence.
You have superior vitality. (+4 MHP)


Message History

Casting: Frozen Ramparts (dangerous; 11% risk of failure)
Press: ? - help, Dir - look around, f - activate You feel a surge of power!
The walls around you are covered in ice.
* * * LOW HITPOINT WARNING * * *
Pikel resists.
The wall freezes Pikel.
Pikel closely misses you.
The wall freezes the lemure but does no damage.
The wall freezes the lemure.
You hit Pikel but do no damage.
Pikel is moderately wounded.
You closely miss Pikel.
Pikel is moderately wounded.
Pikel completely resists.
The wall freezes Pikel but does no damage.
Pikel hits you with a +1 whip of flaming.
* * * LOW HITPOINT WARNING * * *
The wall freezes the lemure. x2
You miss Pikel.
Pikel is moderately wounded.
The wall freezes Pikel but does no damage.
Pikel hits you with a +1 whip of flaming!
* * * LOW HITPOINT WARNING * * *
Pikel burns you.
* * * LOW HITPOINT WARNING * * *
The wall freezes the lemure but does no damage.
The wall freezes the lemure.
You closely miss Pikel.
Pikel is moderately wounded.
Pikel resists.
The wall freezes Pikel.
Pikel hits you with a +1 whip of flaming.
* * * LOW HITPOINT WARNING * * *
The wall freezes the lemure. x2
You hit Pikel but do no damage.
Pikel is moderately wounded.
You hit Pikel but do no damage.
Pikel is moderately wounded.
Pikel resists.
The wall freezes Pikel.
Pikel waves his whip at you.
Pikel hits you with a +1 whip of flaming!
You die...

#.#######
#.#.##.......#.#.
#.#
#.#..........#...
#.#
#................
#.#
####.#........###.
#.#
#.........#.......
#.#
#.##..............
#.#
#.####.#.#########
#.# #.#
#>.#.######## #)#
#@# #.###.^......
#.# #K#
#..#.######## #.#
#5# #......# # #.#
#5## ######)### ##
#.# #.(# #.#.###.
#.#
##(########....#.#
##.#
#......K..........
#..#
#..#########...#.#
#.## #..# #..###.


You could see Pikel and 2 lemures.

Vanquished Creatures
  Sigmund (D:3)
  A black bear (D:5)
  An ice beast (D:4)
  2 ogres
  A lemure (D:3)
  A scorpion (D:4)
  A water moccasin zombie (D:3)
  A howler monkey (D:3)
  An iguana (D:3)
  A sleepcap (D:4)
  2 scorpion zombies (D:3)
  Terence (D:3)
  11 adders
  An adder skeleton (D:3)
  An adder zombie (D:3)
  3 worms
  4 dart slugs
  2 orcs
  9 ball pythons
  4 bats
  4 endoplasms
  5 giant cockroaches
  4 goblins
  8 hobgoblins
  4 jackals (D:4)
  2 quokkas (D:1)
  A ball python skeleton (D:3)
  A ball python zombie (D:3)
  2 frilled lizards (D:1)
  A jackal zombie (D:3)
  8 kobolds
  A quokka skeleton (D:3)
  A quokka zombie (D:3)
  4 rats
95 creatures vanquished.

Vanquished Creatures (others)
  2 withered plants (D:3)
2 creatures vanquished.

Grand Total: 97 creatures vanquished

Notes
Turn   | Place    | Note
-------+----------+-------------------------------------------
     0 | D:1      | jimonade the Djinni Warper began the quest for the Orb.
     0 | D:1      | jimonade set off with the following spells memorised:
                  | Blink, Lesser Beckoning, Vhi's Electric Charge, Teleport
                  | Other, Manifold Assault.
     0 | D:1      | Reached XP level 1. HP: 18/18 MP: 0/0
    99 | D:1      | Reached XP level 2. HP: 23/23 MP: 0/0
   410 | D:1      | Reached XP level 3. HP: 28/28 MP: 0/0
   410 | D:1      | Learned a level 1 spell: Apportation
   929 | D:2      | Reached XP level 4. HP: 32/33 MP: 0/0
  1345 | D:2      | Found a hazy altar of Hepliaklqana.
  1877 | D:3      | Reached XP level 5. HP: 6/38 MP: 0/0
  1877 | D:3      | Learned a level 2 spell: Call Imp
  2046 | D:3      | Noticed Terence
  2266 | D:3      | Noticed Sigmund
  2835 | D:3      | Reached XP level 6. HP: 15/45 MP: 0/0
  3154 | D:3      | Killed Terence
  3234 | D:3      | Killed Sigmund
  3235 | D:3      | Reached skill level 1 in Throwing
  3235 | D:3      | Reached XP level 7. HP: 49/49 MP: 0/0
  3235 | D:3      | Learned a level 3 spell: Frozen Ramparts
  4609 | D:4      | Reached XP level 8. HP: 52/56 MP: 0/0
  4698 | D:3      | HP: 2/56 [lemure[Pikel] (4)]
  5386 | D:4      | Found a broken altar of Ashenzari.
  5446 | D:4      | Noticed Pikel
  5507 | D:5      | Entered Level 5 of the Dungeon
  6081 | D:4      | Slain by Pikel

Illustrated notes

Levels and vault maps discovered:
D:1:      heliophobic_arrival_dark_side_of_the_moon, layout_rooms,
          nicolae_concentric_dashed_squares_wild
D:2:      layout_basic, basic_altar, eino_tiny_chamber, minmay_pentomino_s2
D:3:      layout_basic, serial_undead, serial_undead_c, serial_undead_d,
          serial_undead_f, serial_undead_e, serial_undead_b, serial_undead_f,
          serial_undead_b, serial_undead_a, serial_undead_d, serial_undead_d,
          uniq_sigmund, uniq_terence
D:4:      layout_loops_ring, mainiacjoe_overflow_alcove_2, uniq_pikel
D:5:      black_bear_nest_1, layout_basic, serial_shops, nicolae_lakefront_shop

Skill      XL: |  1  2  3  4  5  6  7 |
---------------+----------------------+-----
Spellcasting   | 3 4 |  4.6
Short Blades   | 2 3 4 |  4.3
Armour         | 2 |  2.9
Throwing       | 1 2 |  2.5
Fighting       | 3 |  3.8
Dodging        | 3 |  3.7
Stealth        | |  0.8

Action                     |  1- 3 |  4- 6 |  7- 9 || total
---------------------------+-------+-------+-------++-------
  Melee: Short sword       |   174 |   260 |   294 ||   728
         Punch             |     1 |     1 |     3 ||     5
  Throw: Dart              |       |    12 |    24 ||    36
         Javelin           |       |       |     3 ||     3
         Boomerang         |       |       |     1 ||     1
   Cast: Blink             |       |       |     1 ||     1
         Frozen Ramparts   |       |       |    12 ||    12
         Call Imp          |       |       |     8 ||     8
    Use: Scroll            |       |       |    10 ||    10
 Armour: Leather armour    |     8 |       |     3 ||    11
         Ring mail         |    20 |    30 |    28 ||    78
         Plate armour      |       |    57 |     3 ||    60
  Dodge: Dodged            |   131 |   172 |   185 ||   488

Table legend: (Time is in decaauts)
 A = Elapsed time spent in this place.
 B = Non-inter-level travel time spent in this place.
 C = Inter-level travel time spent in this place.
 D = Time resting spent in this place.
 E = Time spent auto-exploring this place.
 F = Levels seen in this place.
 G = Mean time per level.
                   A        B        C        D        E       F      G
               +--------+--------+--------+--------+--------+-----+--------+
         Total |   5965 |   5650 |    315 |    872 |   2120 |   5 | 1193.0 |
       Dungeon |   5965 |   5650 |    315 |    872 |   2120 |   5 | 1193.0 |
               +--------+--------+--------+--------+--------+-----+--------+

Top non-repeatable levels by time:
     D:3: 2036 daAuts
     D:4: 1620 daAuts
     D:2: 1245 daAuts
     D:1: 639 daAuts
     D:5: 423 daAuts
